 Dungeon Crawl Stone Soup version 0.22.0 (webtiles) character file.

11881 Jannitor the Fighter (level 11, -1/108 HPs)
             Began as a Yellow Draconian Chaos Knight on Aug 12, 2018.
             Killed from afar by a starcursed mass (7 damage)
             ... with an accursed screaming
             ... on level 3 of the Abyss.
             The game lasted 00:30:12 (16055 turns).

Jannitor the Fighter (DrCK)                        Turns: 16055, Time: 00:30:13

Health: -1/108     AC: 16    Str: 13      XL:     11   Next: 55%
Magic:  15/15      EV: 15    Int: 10 (12) God:    Xom [......]
Gold:   662        SH:  0    Dex: 11 (14) Spells: 10/10 levels left

rFire    + . .     SeeInvis .   G - +4 long sword
rCold    . . .     Gourm    .   X - +0 shield
rNeg     . . .     Faith    .   (armour unavailable)
rPois    +         Spirit   .   (helmet restricted)
rElec    .         Reflect  .   A - +2 cloak {MR+}
rCorr    +         Harm     .   t - +1 pair of gloves
MR       +....                  i - +2 pair of boots
Stlth    ++........             c - amulet of the acrobat
HPRegen  0.28/turn              n - ring of poison resistance
MPRegen  0.14/turn              l - ring of protection from fire

@: confused, short of breath, flying
A: spit acid, acid resistance, unfitting armour, big wings, horns 1, camouflage
1, deterioration 1, robust 1, shaggy fur 1, weak 1, cold-blooded, AC +7
a: Breathe Acid, Stop Flying, Renounce Religion


You were on level 3 of the Abyss.
You worshipped Xom.
You were a very special plaything of Xom.
You were not hungry.

You visited 3 branches of the dungeon, and saw 15 of its levels.
You visited the Abyss 1 time.
You also visited: Sewer.

You collected 662 gold pieces.

Inventory:

Hand Weapons
 a - a +1 falchion of chaos
 F - a +0 long sword
 G - a +4 long sword (weapon)
 L - a +0 scimitar
Missiles
 w - 4 throwing nets (quivered)
Armour
 i - a +2 pair of boots (worn)
 p - a +0 large shield
 t - a +1 pair of gloves (worn)
 A - a +2 cloak of magic resistance (worn)
 B - a +0 cloak
 U - a scarf of cloud immunity
 V - a scarf of spirit shield
 X - a +0 shield (worn)
Jewellery
 c - an amulet of the acrobat (around neck)
 d - a cursed -3 ring of evasion
 g - an uncursed amulet of rage
 k - an uncursed ring of wizardry
 l - a ring of protection from fire (right hand)
 n - a ring of poison resistance (left hand)
 o - an uncursed ring of ice
 q - an uncursed ring of fire
 D - the amulet "Maetiedi" {RegenMP rPois Int+4}
   (Xom gifted it to you on level 8 of the Dungeon)

   [amulet of magic regeneration]

   It increases your magic regeneration.
   It affects your intelligence (+4).
   It protects you from poison.
 I - an uncursed ring of ice
 K - a cursed ring of attention
 R - an uncursed ring of fire
Wands
 r - a wand of iceblast (6)
 x - a wand of flame (36)
 J - a wand of polymorph (15)
 O - a wand of random effects (30)
 S - a wand of digging (6)
 T - a wand of enslavement (13)
Scrolls
 f - 6 scrolls of magic mapping
 m - 2 scrolls of amnesia
 s - 6 scrolls of remove curse
 y - 2 scrolls of identify
 M - a scroll of random uselessness
 P - a scroll of fog
Potions
 e - 3 potions of brilliance
 u - a potion of flight
Comestibles
 b - 21 rations


   Skills:
 + Level 9.8 Fighting
 + Level 9.0 Long Blades
 + Level 8.1 Dodging
 * Level 9.7 Shields
 + Level 6.0 Evocations


You had 10 spell levels left.
You didn't know any spells.
Your spell library contained the following spells:

 Spells                   Type           Power        Failure   Level  Hunger
 Magic Dart               Conj           #...         58%         1    ##.....
 Confuse                  Hex            #.......     92%         3    ####...
 Iskenderun's Mystic Bla  Conj           #.......     100%        4    #####..
 Tukima's Dance           Hex            #.......     92%         3    ####...
 Ensorcelled Hibernation  Hex/Ice        #.....       75%         2    ###....
 Corona                   Hex            #......      58%         1    ##.....
 Fulminant Prism          Conj/Hex       #.........   100%        4    #####..
 Dazzling Spray           Conj/Hex       #.....       92%         3    ####...
 Force Lance              Conj/Tloc      #.......     100%        4    #####..
 Searing Ray              Conj           #.....       75%         2    ###....


Dungeon Overview and Level Annotations

Branches:
Dungeon (11/15)            Temple (1/1) D:6            Lair (3/6) D:11
  Swamp (0/4) Lair:2
  Snake: Lair:2-4    Spider: Lair:2-4       Orc: D:9-12

Altars:
Ashenzari
Cheibriados
Dithmenos
Elyvilon
Fedhas
Gozag
Hepliaklqana
Kikubaaqudgha
Makhleb
Nemelex Xobeh
Okawaru
Qazlal
Ru
Sif Muna
Trog
Uskayaw
Vehumet
Wu Jian
Xom
Yredelemnul
Zin
The Shining One

Annotations:
D:10 1 runed door, Morrissey's ghost, novice MiFi
D:11 Urug
Lair:3 Snorg


Innate Abilities, Weirdness & Mutations

You can spit globs of acid.
You are resistant to acid.
Your golden yellow scales are hard. (AC +7)
You cannot fit into any form of body armour.
You are cold-blooded and may be slowed by cold attacks.
Your large and strong wings let you fly indefinitely.
You have a pair of small horns on your head.
Your skin changes colour to match your surroundings (Stealth+).
Your body sometimes deteriorates upon taking damage.
You are robust. (+10% HP)
You are covered in fur. (AC +1)
You are weak. (Str -2)


Message History

The starcursed mass shrieks in your mind.
* * * LOW HITPOINT WARNING * * *
The lindwurm bites you.
* * * LOW HITPOINT WARNING * * *
The lindwurm claws you but does no damage.
The lindwurm closely misses you.
Evoke which item? (* to show all) (? for menu, Esc to quit)
You're too confused!
Unknown command.
Unknown command.
Unknown command.
Okay, then.
Unknown command.
You hit the lindwurm. Your headbutt misses the lindwurm.
The lindwurm is lightly wounded.
The lindwurm disappears in a puff of smoke!
The worldbinder barely misses you. x2; A starcursed mass splits.
A chorus of shrieks assaults your mind.
You die...
Xom titters!

# . . . ...# # #.
#.#. ## . #
..#..## ##.# #
..#... ### #.....
#. # ..... .....
.#... .#......
.#.. . #####..##..
#.#.#.#.##x......#
... .###
#@ยง..#.#.# .#
####XX# # ..
.#.##.# #. ... .#
## .#.. . #....# .
.


You could see 2 starcursed masses and a worldbinder.

Vanquished Creatures
  A centaur zombie (D:11)
  A queen bee (D:9)
  3 trolls
  2 slime creatures (D:8)
  A hornet (D:10)
  4 blink frogs (Lair:2)
  2 hippogriffs (D:11)
  A tarantella (Lair:1)
  5 yaks
  A hog (Lair:2)
  A golden eye (D:11)
  A wraith (D:10)
  2 hungry ghosts (D:11)
  A small abomination (Abyss:3)
  6 water moccasins
  8 porcupines
  4 orc warriors
  2 ice beasts
  4 phantoms
  A hornet zombie (D:8)
  5 sky beasts
  A black bear (D:11)
  3 ogres (D:11)
  3 centaurs
  2 crocodiles
  2 big kobolds
  11 bullfrogs
  4 scorpions
  20 killer bees
  4 wights (D:11)
  3 electric eels (D:6)
  2 crimson imps
  A bullfrog zombie (D:5)
  A quasit (D:9)
  A jelly (D:10)
  4 hounds
  3 orc priests
  4 orc wizards
  4 bullfrog skeletons
  3 centaur skeletons
  4 iguanas
  Terence (D:3)
  9 worker ants
  A hound skeleton (D:3)
  A worker ant zombie (D:7)
  A gnoll (D:11)
  9 adders
  A river rat (Sewer)
  2 shadow imps
  2 oozes
  An adder skeleton (D:6)
  An adder zombie (D:5)
  5 worms
  A dart slug (D:1)
  A leopard gecko (D:6)
  24 orcs
  7 giant cockroaches
  4 goblins
  5 hobgoblins
  3 jackals
  11 kobolds
  4 quokkas
  2 ball pythons
  10 bats
  3 frilled lizards
  A quokka skeleton (D:8)
  A quokka zombie (D:8)
  16 rats
263 creatures vanquished.

Vanquished Creatures (collateral kills)
  2 slime creatures (D:8)
  A wight (D:11)
3 creatures vanquished.

Vanquished Creatures (others)
  3 fungi
  A lurking horror (Abyss:3)
4 creatures vanquished.

Grand Total: 270 creatures vanquished

Notes
Turn   | Place    | Note
-------+----------+-------------------------------------------
     0 | D:1      | Jannitor the Draconian Chaos Knight began the quest for the Orb.
     0 | D:1      | Reached XP level 1. HP: 19/19 MP: 1/1
   277 | D:1      | XOM: enchant monster (bad)
   282 | D:1      | Reached XP level 2. HP: 24/26 MP: 2/2
   316 | D:1      | XOM: harmless Air miscast
   851 | D:2      | Reached XP level 3. HP: 33/33 MP: 3/3
  1168 | D:2      | XOM: 2-stop teleportation journey
  1315 | D:3      | XOM: stealth player
  1345 | D:3      | Reached XP level 4. HP: 14/40 MP: 4/4
  1502 | D:3      | XOM: cloud trail
  1503 | D:3      | XOM: give mutation
  1503 | D:3      | Gained mutation: Your body sometimes deteriorates upon taking damage. [Xom's mischief]
  1567 | D:2      | XOM: give mutations
  1567 | D:2      | Gained mutation: You have a pair of small horns on your head. [Xom's mischief]
  1567 | D:2      | Gained mutation: You are weak. (Str -2) [Xom's mischief]
  1607 | D:2      | XOM: harmless Air miscast
  2197 | D:3      | XOM: noise
  2201 | D:3      | Found an ancient bone altar of Kikubaaqudgha.
  2202 | D:3      | Found a shadowy altar of Dithmenos.
  2352 | D:3      | Noticed Terence
  2366 | D:3      | Killed Terence
  2551 | D:3      | XOM: mild Tloc miscast
  2789 | D:4      | Reached XP level 5. HP: 46/47 MP: 5/5
  2801 | D:4      | Found a glowing drain.
  2811 | Sewer    | Entered a sewer
  2878 | Sewer    | XOM: mild Pois miscast
  2879 | Sewer    | Reached skill level 5 in Fighting
  2882 | Sewer    | Reached XP level 6. HP: 54/56 MP: 6/6
  2898 | Sewer    | Found a white marble altar of Elyvilon.
  3163 | D:5      | Entered Level 5 of the Dungeon
  3170 | D:5      | Noticed a sky beast
  3183 | D:5      | Killed a sky beast
  3192 | D:5      | Noticed a sky beast
  3243 | D:4      | Killed a sky beast
  3243 | D:4      | Reached skill level 5 in Long Blades
  3432 | D:5      | Your scales start taking on a golden yellow colour.
  3432 | D:5      | Reached XP level 7. HP: 47/62 MP: 7/7
  3657 | D:5      | XOM: medium Ice miscast
  4058 | D:5      | Reached skill level 5 in Dodging
  4058 | D:5      | Reached skill level 1 in Shields
  4171 | D:5      | XOM: confusion
  4229 | D:5      | Reached XP level 8. HP: 65/71 MP: 8/8
  4482 | D:6      | Found a staircase to the Ecumenical Temple.
  4488 | Temple   | Entered the Ecumenical Temple
  4490 | Temple   | XOM: mild Chrm miscast
  5227 | D:6      | XOM: summons 4 hostile shadow creatures
  5406 | D:6      | XOM: medium Necr miscast
  5571 | D:6      | XOM: 6-stop teleportation journey
  5635 | D:6      | XOM: cast spell 'Necromutation'
  5733 | D:7      | Found an iron altar of Okawaru.
  5746 | D:7      | XOM: potion effect (might)
  5763 | D:7      | Found a shimmering altar of Xom.
  5767 | D:7      | Found a sacrificial altar of Ru.
  6126 | D:7      | XOM: enchant monster (good)
  6380 | D:7      | Found a hazy altar of Hepliaklqana.
  6967 | D:7      | XOM: mild Hex miscast
  7040 | D:7      | Reached skill level 1 in Evocations
  7260 | D:8      | XOM: blink monster(s)
  7314 | D:8      | XOM: mild Air miscast
  7319 | D:8      | Reached XP level 9. HP: 76/79 MP: 10/10
  7722 | D:8      | XOM: harmless Necr miscast
  7837 | D:8      | Reached skill level 5 in Shields
  7977 | D:8      | XOM: god gift: coiled zirconium amulet {god gift}
  7978 | D:8      | Got a coiled zirconium amulet {god gift}
  7980 | D:8      | Identified the amulet "Maetiedi" {RegenMP rPois Int+4} (Xom gifted it to you on level 8 of the Dungeon)
  7981 | D:8      | XOM: god gift: flail {god gift}
  8203 | D:8      | XOM: confuse monster(s)
  8210 | D:8      | XOM: fake destruction
  8651 | D:8      | XOM: summons 3 friendly demons
  8656 | D:8      | XOM: divination: detect creatures
  8813 | D:8      | XOM: god gift: plate armour {god gift}
  9003 | D:9      | Reached XP level 10. HP: 76/89 MP: 12/12
  9678 | D:9      | XOM: 2-stop teleportation journey
  9690 | D:9      | XOM: give mutations
  9690 | D:9      | Gained mutation: You are covered in fur. (AC +1) [Xom's grace]
  9690 | D:9      | Gained mutation: Your skin changes colour to match your surroundings (Stealth+). [Xom's grace]
  9690 | D:9      | Gained mutation: Your large and strong wings let you fly indefinitely. [Xom's grace]
  9690 | D:9      | Gained mutation: You are robust. (+10% HP) [Xom's grace]
  9709 | D:9      | XOM: fog
 10575 | D:9      | XOM: god gift: scroll of fear
 10796 | D:10     | Entered Level 10 of the Dungeon
 10983 | D:10     | XOM: fog
 11454 | D:10     | Found a runed door.
 11455 | D:10     | Noticed Morrissey's ghost (novice MiFi)
 11827 | D:11     | XOM: potion effect (brilliance)
 11837 | D:11     | XOM: 1-stop teleportation journey
 11931 | D:11     | Reached skill level 5 in Evocations
 12140 | D:11     | XOM: swap monsters
 12148 | D:11     | XOM: summons friendly quasit
 12155 | D:11     | XOM: silly message
 12328 | D:11     | XOM: confusion (+ monsters)
 12332 | D:11     | XOM: confuse monster(s)
 12369 | D:11     | Reached XP level 11. HP: 49/106 MP: 14/14
 12540 | D:11     | Noticed Urug
 12546 | D:11     | Noticed Urug
 12546 | D:11     | Urug changed into Urug the shining eye
 12656 | D:11     | XOM: swap monsters
 12739 | D:11     | XOM: summons friendly iron imp
 12974 | D:11     | XOM: cloud trail
 13042 | D:11     | XOM: harmless Tloc miscast
 13050 | D:11     | Found a staircase to the Lair.
 13087 | Lair:1   | Entered Level 1 of the Lair of Beasts
 13099 | Lair:1   | XOM: divination: detect creatures
 13164 | Lair:1   | XOM: divination: magic mapping
 13190 | Lair:1   | XOM: fog
 13216 | Lair:1   | XOM: god gift: glowing cloak {god gift}
 13217 | Lair:1   | XOM: summons friendly iron imp
 13254 | Lair:1   | XOM: enchant monster (bad)
 13315 | D:11     | XOM: mild Air miscast
 13510 | Lair:1   | XOM: harmless Tmut miscast
 13544 | Lair:1   | Noticed Harold
 13544 | Lair:1   | XOM: harmless Ice miscast
 13545 | Lair:1   | Noticed Harold
 13545 | Lair:1   | Harold changed into Harold the tarantella
 13567 | Lair:1   | Killed Harold the tarantella
 14209 | Lair:1   | XOM: harmless Fire miscast
 14266 | Lair:2   | Found a staircase to the Swamp.
 14282 | Lair:2   | XOM: repel stairs
 14296 | Lair:2   | XOM: blink monster(s)
 14305 | Lair:2   | XOM: 7-stop teleportation journey
 14400 | Lair:2   | XOM: mild Hex miscast
 14402 | Lair:2   | XOM: silly message
 14621 | Lair:1   | XOM is BORED!
 14621 | Lair:1   | XOM: medium Tmut miscast
 14686 | Lair:1   | XOM: stat loss: -1 Str (12/13)
 14776 | Lair:2   | XOM: mild Necr miscast
 15120 | Lair:2   | XOM: confusion
 15141 | Lair:2   | XOM: harmless Ice miscast
 15217 | Lair:2   | XOM: harmless Tmut miscast
 15273 | Lair:2   | XOM: polymorph wyvern -> hog
 15608 | Lair:3   | Noticed Snorg
 15651 | Lair:3   | XOM: severe Tloc miscast
 15651 | Lair:3   | Cast into level 3 of the Abyss (the severe capriciousness of Xom)
 15653 | Abyss:3  | Noticed an ice dragon
 15653 | Abyss:3  | a slime creature changed into an ice dragon
 15653 | Abyss:3  | XOM: polymorph slime creature -> ice dragon
 15668 | Abyss:3  | XOM: stat loss: -1 Int (11/12)
 15677 | Abyss:3  | Noticed a large abomination
 15722 | Abyss:3  | XOM: enchant monster (good)
 15756 | Abyss:3  | XOM: summons 5 hostile demons
 15833 | Abyss:3  | XOM: potion effect (brilliance)
 15835 | Abyss:3  | Noticed a thrashing horror
 15839 | Abyss:3  | XOM: summons 4 hostile demons
 15841 | Abyss:3  | Noticed a green very ugly thing
 15845 | Abyss:3  | HP: 3/108 [ynoxinul/iron shot[Xom] (24)]
 15913 | Abyss:3  | Noticed a green death
 15916 | Abyss:3  | HP: 2/108 [green death (21)]
 15921 | Abyss:3  | HP: 4/108 [poisoned by a green death (blast of poison)]
 15927 | Abyss:3  | HP: 1/108 [poisoned by a green death (blast of poison)]
 15932 | Abyss:3  | HP: 1/108 [poisoned by a green death (blast of poison)]
 15939 | Abyss:3  | HP: 1/108 [poisoned by a green death (blast of poison)]
 15947 | Abyss:3  | HP: 1/108 [poisoned by a green death (blast of poison)]
 16010 | Abyss:3  | Noticed a thrashing horror
 16050 | Abyss:3  | Noticed a starcursed mass
 16053 | Abyss:3  | Noticed a lindwurm
 16053 | Abyss:3  | a tarantella changed into a lindwurm
 16053 | Abyss:3  | XOM: polymorph tarantella -> lindwurm
 16054 | Abyss:3  | XOM: confusion
 16055 | Abyss:3  | Killed from afar by a starcursed mass

Skill      XL: |  1  2  3  4  5  6  7  8  9 10 11 |
---------------+----------------------------------+-----
Fighting       | 4 5 6 7 8 9 |  9.8
Dodging        | 3 4 5 6 7 8 |  8.1
Long Blades    | 4 5 6 7 8 9 |  9.0
Shields        | 1 4 6 8 9 |  9.7
Evocations     | 1 3 5 6 |  6.0

Action                   |  1- 3 |  4- 6 |  7- 9 | 10-12 || total
-------------------------+-------+-------+-------+-------++-------
Melee: Falchion          |   112 |   125 |   249 |       ||   486
       Tailslap          |    13 |    14 |    53 |    84 ||   164
       Headbutt          |       |    26 |    58 |   116 ||   200
       Long sword        |       |       |   111 |   538 ||   649
       Scimitar          |       |       |       |    93 ||    93
 Abil: Breathe Acid      |       |       |    23 |    17 ||    40
       Fly               |       |       |       |     1 ||     1
Evoke: Wand              |       |       |     3 |    11 ||    14
  Use: Potion            |       |     4 |     4 |    13 ||    21
       Scroll            |       |       |    14 |    20 ||    34
 Stab: Sleeping          |     2 |       |       |    10 ||    12
       Petrifying        |       |     1 |     1 |       ||     2
       Confused          |       |     1 |       |       ||     1
       Paralysed         |       |       |     4 |       ||     4
       Invisible         |       |       |       |     1 ||     1
  Eat: Chunk             |     2 |     6 |    16 |    10 ||    34
       Ration            |       |       |     2 |     7 ||     9
Armor: Skin              |    45 |    37 |    92 |   171 ||   345
Dodge: Dodged            |    83 |    90 |   121 |   310 ||   604
Block: Large shield      |       |       |   209 |   528 ||   737
       Shield            |       |       |       |    26 ||    26
       Rpst.: Falchion   |    22 |    40 |    30 |       ||    92
       Long sword        |       |       |     8 |    65 ||    73
       Scimitar          |       |       |       |     9 ||     9
